Map: Catalyst LE

Players

Beastyqt

  • Race: Terran Terran
  • League: Grandmaster
  • Spawn Location: 5:00

A.I. 1 (Very Easy) - Winner!

  • Race: Terran Terran
  • Spawn Location: 11:00

VOD

https://www.youtube.com/watch?v=3ims7Uk-Sc0

Description

Time

  • Played on: Nov. 23, 2017, 11:46 a.m.
  • Length: 11:03
Show
View Real Time Build Order
Export as new Build Order

Beastyqt Terran 

Build Orders: Gas First Reaper Expand, Hellion Opening, Reaper Expand, Mech 

Get SALT Encoding   

  12  0:00  SCV  
  13  0:13  SCV  
  14  0:17  Supply Depot  
  14  0:25  SCV  
  14  0:28  Refinery  
  15  0:38  SCV  
  16  0:46  Barracks  
  16  0:50  SCV  
  17  1:03  SCV  
  18  1:15  SCV  
  19  1:33  Orbital Command  
  19  1:34  Reaper  
  20  1:46  Command Center  
  20  1:59  SCV  
  21  2:01  Factory  
  21  2:06  Barracks Reactor  
  21  2:14  Supply Depot  
  21  2:15  SCV  
  22  2:21  Refinery  
  22  2:27  SCV  
  23  2:40  SCV  
  24  2:47  Starport  
  24  2:51  Hellion x2  
  28  2:52  SCV  
  29  2:58  Orbital Command  
  29  3:01  Barracks Tech Lab  
  29  3:04  SCV  
  30  3:12  Hellion  
  32  3:16  Hellion  
  32  3:18  SCV  
  35  3:24  SCV  
  36  3:29  Viking  
  36  3:30  SCV  
  39  3:37  SCV  
  39  3:40  Supply Depot  
  42  3:41  Hellion  
  42  3:43  SCV  
  42  3:46  Hellion  
  45  3:49  SCV  
  45  3:51  Supply Depot  
  46  4:01  SCV x2  
  46  4:02  Raven  
  48  4:03  Hellion  
  48  4:09  Supply Depot  
  52  4:11  Hellion  
  52  4:13  SCV  
  54  4:17  SCV  
  55  4:26  SCV  
  55  4:27  Hellion  
  55  4:29  SCV  
  55  4:31  Supply Depot  
  59  4:33  Hellion  
  59  4:38  SCV  
  62  4:41  SCV  
  63  4:49  Viking  
  63  4:50  SCV, Barracks Tech Lab  
  66  4:53  SCV  
  66  4:58  Hellion  
  66  4:59  Hellion  
  71  5:01  Command Center  
  71  5:02  SCV, Supply Depot  
  71  5:05  SCV  
  73  5:07  Refinery  
  73  5:09  Refinery  
  73  5:14  SCV  
  73  5:19  Hellion  
  73  5:20  Hellion  
  78  5:22  Barracks Reactor  
  78  5:24  SCV  
  78  5:25  Factory  
  79  5:30  Viking, Factory  
  79  5:32  SCV  
  82  5:36  SCV  
  83  5:42  Supply Depot  
  83  5:44  SCV, Hellion  
  83  5:48  Supply Depot  
  86  5:51  Supply Depot  
  86  6:03  Armory x2  
  86  6:04  SCV x2, Hellion  
  86  6:07  Hellion  
  92  6:13  Siege Tank  
  92  6:16  SCV x2  
  92  6:18  Orbital Command  
  97  6:21  Siege Tank  
  100  6:28  SCV x2, Supply Depot  
  100  6:30  Viking  
  104  6:36  Viking  
  104  6:38  Hellion  
  108  6:40  SCV, Hellion  
  108  6:41  SCV  
  108  6:43  SCV  
  113  6:49  Siege Tank  
  113  6:52  Terran Vehicle Weapons Level 1  
  113  6:53  Siege Tank  
  119  6:54  Terran Vehicle And Ship Armor Level 1  
  119  6:56  SCV x2  
  119  6:58  SCV, Refinery  
  122  7:01  Refinery  
  122  7:07  Hellion  
  122  7:08  SCV, Hellion  
  127  7:09  SCV  
  127  7:13  Supply Depot x2  
  128  7:19  Viking x2  
  128  7:21  SCV  
  133  7:24  Supply Depot  
  133  7:34  SCV, Engineering Bay, Siege Tank x2  
  133  7:35  Supply Depot  
  142  7:37  SCV x2  
  142  7:42  Hellion x2  
  146  7:50  Factory  
  146  7:51  Factory  
  146  7:53  Viking x2  
  146  7:58  SCV  
  151  7:59  Supply Depot  
  151  8:00  Infernal Pre-Igniter  
  151  8:04  SCV, Supply Depot  
  152  8:12  Siege Tank  
  157  8:13  Hellion x2  
  159  8:21  Siege Tank, Command Center  
  162  8:34  Missile Turret  
  162  8:35  Sensor Tower  
  162  8:39  Missile Turret, Hi-Sec Auto Tracking  
  162  8:40  Sensor Tower, Missile Turret x3  
  162  8:41  Missile Turret  
  162  8:43  Factory Reactor, Factory Tech Lab  
  162  8:45  Hellion  
  162  8:46  Hellion  
  166  8:59  Siege Tank x2  
  166  9:02  Starport, Hellion  
  174  9:07  Hellion  
  174  9:08  Starport  
  176  9:11  Hellion  
  178  9:23  Hellion  
Show
View Real Time Build Order
Export as new Build Order

A.I. 1 (Very Easy) Terran - Winner!

Build Orders:  

Get SALT Encoding   

  12  0:00  SCV  
  13  0:13  SCV  
  14  0:19  Supply Depot  
  14  0:37  Refinery  
  14  0:42  Barracks  
  14  1:05  Supply Depot  
  14  1:13  Refinery  
  14  1:30  Marine  
  14  1:31  Orbital Command  
  15  1:57  SCV  
  16  2:09  SCV  
  16  2:14  Barracks Tech Lab  
  17  2:21  SCV  
  18  2:32  Marauder  
  18  2:33  SCV  
  21  2:45  SCV  
  22  2:57  SCV  
  23  3:15  Marine  
  24  3:58  SCV  
  24  6:23  SCV  
  24  6:35  SCV, Marine  
  24  6:36  Supply Depot  
  24  6:39  Factory  
  26  6:43  Command Center  
  26  6:58  SCV  
  26  7:00  Supply Depot  
  27  7:07  Marine  
  28  7:10  SCV  
  25  7:22  SCV  
  26  7:26  Starport  
  26  7:34  SCV  
  27  7:39  Marine  
  28  7:56  SCV  
  29  8:03  SCV  
  30  8:07  Starport Tech Lab, Refinery  
  30  8:09  Refinery  
  30  8:11  SCV  
  30  8:12  Marine  
  32  8:18  SCV  
  33  8:25  SCV, Raven  
  36  8:32  SCV  
  37  8:39  SCV  
  38  8:44  Marauder  
  38  8:46  SCV  
  41  8:54  SCV  
  42  9:01  SCV  
  43  9:08  SCV, Raven  
  46  9:15  SCV  
  46  9:16  Marine  
  48  9:22  SCV  
  49  9:29  SCV  
  50  9:36  SCV  
Tags
 
Add a new tag
Caveats
  • Supply blocks, unpowered buildings, or Contaminate may cause inaccurate times.
  • Supply counts are checked every 10 seconds.